 Dungeon Crawl Stone Soup version 0.21.1-1-g345015fe64 (webtiles) character file.

25 Kohma the Sneak (level 3, 0/18 HPs)
             Began as a Vine Stalker Assassin on July 8, 2018.
             Slain by a jackal (1 damage)
             ... on level 1 of the Dungeon.
             The game lasted 00:05:16 (957 turns).

Kohma the Sneak (Vine Stalker Assassin)              Turns: 957, Time: 00:05:17

Health: 0/18       AC:  3    Str: 14    XL:     3   Next: 6%
Magic:  0/4        EV: 11    Int: 11    God:
Gold:   0          SH:  0    Dex: 15    Spells: 2/2 levels left

rFire    . . .     SeeInvis .   a - +2 dagger
rCold    . . .     Gourm    .   (no shield)
rNeg     . . .     Faith    .   c - +0 robe
rPois    .         Spirit   +   (no helmet)
rElec    .         Reflect  .   d - +0 cloak
rCorr    .         Harm     .   (no gloves)
MR       .....                  (no boots)
Stlth    +++.......             (no amulet)
HPRegen  0.06/turn              (no ring)
MPRegen  0.09/turn              (no ring)

@: no status effects
A: fangs 2, magic shield, antimagic bite, no potion heal 3, rot immunity
a: no special abilities


You were on level 1 of the Dungeon.
You were not hungry.

You visited 1 branch of the dungeon, and saw 2 of its levels.

Inventory:

Hand Weapons
 a - a +2 dagger (weapon)
 b - a +0 blowgun
 p - a +1 short sword of venom
Missiles
 e - 8 poisoned needles
 f - 2 curare-tipped needles {!f}
 i - 59 stones (quivered)
Armour
 c - a +0 robe (worn)
 d - a +0 cloak (worn)
Jewellery
 h - a +3 ring of dexterity {unknown}
Scrolls
 j - a scroll of enchant armour {unknown}
 n - a scroll of identify {unknown}
 o - a scroll of teleportation {unknown}
Potions
 k - a potion of degeneration {unknown}
 l - a potion of might {unknown}
Comestibles
 g - a ration
 m - 3 chunks of flesh


   Skills:
 + Level 2.1 Fighting
 * Level 2.3 Short Blades
 + Level 2.1 Throwing
 - Level 0.7 Dodging
 + Level 5.1 Stealth


You had 2 spell levels left.
You didn't know any spells.

Dungeon Overview and Level Annotations

Branches:
Dungeon (2/15)

Altars:

Annotations:
D:1 dig


Innate Abilities, Weirdness & Mutations

You have extremely sharp teeth.
When hurt, damage is shared between your health and your magic reserves.
Your bite disrupts and absorbs the magic of your enemies.
Potions cannot restore your health.
You are immune to rotting.


Message History

There is a stone staircase leading up here.
The jackal bites you but does no damage.
The goblin hits you.
The quokka bites you but does no damage.
The goblin hits you with a dagger. The rat closely misses you.
You climb upwards.
Level annotation: dig
There is a stone staircase leading down, spattered with blood here.
The jackal bites you but does no damage.
The goblin misses you. The jackal bites you. The goblin hits you with a dagger.
The rat bites you but does no damage. The goblin hits you but does no damage.
The goblin hits you with a dagger.
* * * LOW HITPOINT WARNING * * *
The quokka bites you.
* * * LOW HITPOINT WARNING * * *
The goblin misses you. The quokka bites you.
You see here a club.
The jackal bites you.
You die...

...#.# ###...≈≈≈..# .#.#.#
#.....≈≈≈..# .#.#.#
#.....≈≈≈..# ...#.#
#.....≈≈≈..#
.###.###########...⌠...#######
............).....g..........#
................rr.g.....>...#
...#.#.#########h###.........#
...#.#.#########@# ###########
.....#.##........#
...#.............#
...#.#.......###.#
).)..........# #.#
.....#.......###'####
...###.......##.....#
.#..##.......##.....#
...........####.....#


You could see a quokka, a jackal, a goblin and a rat.

Vanquished Creatures
  A giant cockroach (D:1)
  4 goblins (D:1)
  4 hobgoblins
  2 jackals (D:1)
  3 kobolds (D:1)
  3 bats (D:1)
  A frilled lizard (D:1)
  5 rats (D:1)
23 creatures vanquished.

Notes
Turn   | Place    | Note
-------+----------+-------------------------------------------
     0 | D:1      | Kohma the Vine Stalker Assassin began the quest for the Orb.
     0 | D:1      | Reached XP level 1. HP: 11/11 MP: 2/2
   315 | D:1      | Reached XP level 2. HP: 15/15 MP: 3/3
   448 | D:1      | Reached skill level 5 in Stealth
   859 | D:1      | Reached XP level 3. HP: 14/18 MP: 2/4
   957 | D:1      | Slain by a jackal

Skill      XL: |  1  2 |
---------------+-------+-----
Short Blades   | 2 |  2.3
Stealth        | 5 |  5.1
Fighting       | 2 |  2.1
Throwing       | 2 |  2.1
Dodging        | |  0.7

Action                   || total
-------------------------++-------
Melee: Dagger            ||    48
       Bite              ||     9
 Stab: Sleeping          ||     5
Armor: Robe              ||    37
Dodge: Dodged            ||    51
